 Dungeon Crawl Stone Soup version 0.20.0-14-g326068f (webtiles) character file.

2037 Rrauwl the Ruffian (level 9, -3/90 HPs)
             Began as a Troll Monk on June 8, 2017.
             Was an Elder of Cheibriados.
             Slain by a hippogriff (7 damage)
             ... on level 7 of the Dungeon.
             The game lasted 00:14:55 (4791 turns).

Rrauwl the Ruffian (Troll Monk)                     Turns: 4791, Time: 00:14:55

Health: -3/90      AC:  7    Str: 31      XL:     9   Next: 4%
Magic:  11/11      EV: 20    Int: 13 (16) God:    Cheibriados [****..]
Gold:   432        SH:  0    Dex: 34 (35) Spells: 6/8 levels left

rFire    + . .     SeeInvis .     - Unarmed
rCold    . . .     Gourm    +   (no shield)
rNeg     . . .     Faith    .   a - +1 robe
rPois    .         Spirit   .   (helmet restricted)
rElec    .         Reflect  .   (no cloak)
rCorr    +         Harm     .   (gloves unavailable)
MR       .....                  (boots unavailable)
Stlth    ++++......             (no amulet)
Regen    0.7/turn               h - +5 ring of dexterity
MPRegen  0.2/turn               l - ring of resist corrosion

@: agile, lethally poisoned (-3 -> -20), slowed, very slow
A: unfitting armour, claws 3, rugged brown scales 1, blurry vision 1, fire
resistance 1, fast metabolism 3, gourmand, regeneration 1, shaggy fur 1, tough
skin 2
a: Bend Time, Temporal Distortion, Slouch, Renounce Religion


You were on level 7 of the Dungeon.
You worshipped Cheibriados.
Cheibriados was greatly pleased with you.
You were very full.

You visited 2 branches of the dungeon, and saw 8 of its levels.
You also visited: Sewer.

You collected 432 gold pieces.

Inventory:

Armour
 a - a +1 robe (worn)
Jewellery
 h - a +5 ring of dexterity (left claw)
 l - a ring of resist corrosion (right claw)
Wands
 s - a wand of polymorph (15/24)
Scrolls
 d - a scroll of magic mapping
 i - 14 scrolls of identify
 j - 3 scrolls of remove curse
 k - 2 scrolls of teleportation
 p - a scroll of blinking
 t - a scroll of recharging
 u - 2 scrolls of immolation
Books
 g - a book of Geomancy

   Spells                             Type                      Level
   a - Sandblast                      Earth                        1
   b - Passwall                       Transmutation/Earth          2
   c - Stone Arrow                    Conjuration/Earth            3
   d - Petrify                        Transmutation/Earth          4
   e - Lee's Rapid Deconstruction     Earth                        5
Comestibles
 b - 7 bread rations
 c - 4 meat rations
 f - 3 royal jellies
 o - 3 fruits


   Skills:
 + Level 5.0 Fighting
 - Level 5.0 Dodging
 - Level 1.0 Stealth
 + Level 7.9 Unarmed Combat
 - Level 4.0 Invocations
 - Level 2.1 Evocations


You had 6 spell levels left.
You knew the following spells:

 Your Spells              Type           Power        Failure   Level  Hunger
a - Passwall              Tmut/Erth      #.........   43%         2    ###....


Dungeon Overview and Level Annotations

Branches:
Dungeon (7/15)             Temple (1/1) D:4

Altars:
Ashenzari
Cheibriados
Dithmenos
Elyvilon
Fedhas
Gozag
Hepliaklqana
Kikubaaqudgha
Makhleb
Nemelex Xobeh
Qazlal
Ru
Sif Muna
Trog
Uskayaw
Vehumet
Yredelemnul
Zin
The Shining One

Shops:
D:6 :


Innate Abilities, Weirdness & Mutations

You are too large for most types of armour.
You have claws for hands.
Your metabolism is lightning-fast.
You like to eat raw meat.
Your natural rate of healing is unusually fast.
You are covered in fur. (AC +1)
You have very tough skin. (AC +2)
You are partially covered in rugged brown scales. (AC +1, +3% HP)
Scrolls take you a little longer to read.
Your flesh is heat resistant. (rF+)


Message History

The water moccasin completely misses you.
The adder misses you. The hornet closely misses you.
* * * LOW HITPOINT WARNING * * *
You feel very sick. The hornet closely misses you.
The water moccasin bites you.
* * * LOW HITPOINT WARNING * * *
You are more poisoned.
The water moccasin poisons you!
The water moccasin completely misses you.
The hornet misses you. The hippogriff bites you.
* * * LOW HITPOINT WARNING * * *
The hippogriff misses you. The hippogriff completely misses you.
The hornet stings you but does no damage.
The water moccasin misses you.
You fail to use your ability.
* * * LOW HITPOINT WARNING * * *
You feel very sick. The hornet closely misses you.
The water moccasin closely misses you. The hippogriff bites you!
You die...

...........##...##...###.....
<.#..............+...........
..#..............#......#+##.
..#.....§§....#...........#
..#......§.#..............#
..#........###......#####.#
...........# #......# .+
........... #......## #
..........###@S...#+##
......SyH.......
................
................
................
###......#.:....
#......#......
........#......
........#......


You could see a hippogriff, a hornet, a water moccasin and an adder.

Vanquished Creatures
  A hippogriff (D:7)
  Sigmund (D:2)
  Eustachio (D:5)
  An orc warrior (D:6)
  Purgy (Sewer)
  3 ogres
  A phantom (D:6)
  A centaur (D:5)
  The ghost of StormFighter the Sneak, an amateur SpEn (Sewer)
  A scorpion (D:6)
  A howler monkey (D:4)
  A crimson imp (D:4)
  A quasit (D:6)
  3 hounds (D:5)
  A gnoll shaman (D:5)
  2 orc priests (D:6)
  A bullfrog skeleton (D:4)
  4 orc wizards
  3 iguanas
  2 worker ants
  A hound skeleton (D:6)
  A howler monkey skeleton (D:4)
  2 adders
  14 gnolls
  A shadow imp (D:7)
  2 oozes
  6 worms
  3 dart slugs
  2 leopard geckos
  18 orcs
  5 giant cockroaches
  3 goblins (D:2)
  8 hobgoblins
  3 quokkas
  4 ball pythons
  A ball python zombie (D:6)
  4 bats
  6 frilled lizards
  7 kobolds
  A quokka skeleton (D:5)
  A quokka zombie (D:5)
  6 rats
  A fungus (D:1)
131 creatures vanquished.

Notes
Turn   | Place    | Note
-------+----------+-------------------------------------------
     0 | D:1      | Rrauwl the Troll Monk began the quest for the Orb.
     0 | D:1      | Reached XP level 1. HP: 22/22 MP: 0/0
   148 | D:1      | Reached XP level 2. HP: 29/29 MP: 1/1
   526 | D:2      | Reached XP level 3. HP: 36/36 MP: 2/2
   611 | D:2      | Noticed Sigmund
   612 | D:2      | Gained mutation: You are partially covered in rugged brown scales. (AC +1, +3% HP) [potion of mutation]
   612 | D:2      | Gained mutation: Scrolls take you a little longer to read. [potion of mutation]
   612 | D:2      | Gained mutation: Your flesh is heat resistant. (rF+) [potion of mutation]
   644 | D:2      | Killed Sigmund
   644 | D:2      | Reached skill level 4 in Unarmed Combat
   644 | D:2      | Reached skill level 1 in Evocations
   644 | D:2      | Reached XP level 4. HP: 38/46 MP: 2/4
   644 | D:2      | Reached XP level 5. HP: 45/54 MP: 2/5
   936 | D:2      | Reached XP level 6. HP: 58/62 MP: 6/6
  1093 | D:2      | Found a snail-covered altar of Cheibriados.
  1099 | D:2      | Found a radiant altar of Vehumet.
  1103 | D:2      | Found a stormy altar of Qazlal.
  1113 | D:2      | Became a worshipper of Cheibriados the Contemplative
  1113 | D:2      | Reached * piety under Cheibriados
  1113 | D:2      | Reached ** piety under Cheibriados
  1393 | D:3      | Reached skill level 1 in Invocations
  1979 | D:4      | Found a glowing drain.
  1983 | Sewer    | Entered a sewer
  1983 | Sewer    | Noticed StormFighter's ghost (amateur SpEn)
  1995 | Sewer    | Killed StormFighter's ghost
  1995 | Sewer    | Reached skill level 5 in Unarmed Combat
  2083 | Sewer    | Noticed Purgy
  2091 | Sewer    | Killed Purgy
  2091 | Sewer    | Reached XP level 7. HP: 65/69 MP: 7/7
  2249 | D:4      | Found a burning altar of Makhleb.
  2421 | D:4      | Found a staircase to the Ecumenical Temple.
  2470 | Temple   | Entered the Ecumenical Temple
  2564 | D:4      | Found an opulent altar of Gozag.
  2664 | D:4      | Reached *** piety under Cheibriados
  3124 | D:5      | Entered Level 5 of the Dungeon
  3243 | D:5      | Reached skill level 6 in Unarmed Combat
  3300 | D:5      | Reached XP level 8. HP: 47/77 MP: 9/9
  3333 | D:5      | Noticed Eustachio
  3341 | D:5      | Killed Eustachio
  3341 | D:5      | Reached skill level 5 in Dodging
  3507 | D:5      | Found a basalt altar of Yredelemnul.
  3638 | D:5      | Found an ancient bone altar of Kikubaaqudgha.
  3782 | D:5      | Found a blossoming altar of Fedhas.
  3838 | D:5      | Found a glowing golden altar of the Shining One.
  4023 | D:5      | Noticed an angel
  4136 | D:6      | Reached **** piety under Cheibriados
  4151 | D:6      | Learned a level 2 spell: Passwall
  4165 | D:6      | Reached skill level 7 in Unarmed Combat
  4176 | D:6      | Found Oclokarph's Book Shoppe.
  4769 | D:7      | Noticed a hippogriff
  4777 | D:7      | Noticed a hornet
  4780 | D:7      | Killed a hippogriff
  4780 | D:7      | Reached skill level 5 in Fighting
  4780 | D:7      | Reached XP level 9. HP: 87/90 MP: 11/11
  4783 | D:7      | Paralysed by a hornet for 1 turns
  4791 | D:7      | HP: 4/90 [poisoned by a water moccasin]
  4791 | D:7      | Slain by a hippogriff

Skill      XL: |  1  2  3  4  5  6  7  8 |
---------------+-------------------------+-----
Fighting       | 3 5 |  5.0
Dodging        | 3 4 5 |  5.0
Unarmed Combat | 4 5 6 7 |  7.9
Evocations     | 1 2 |  2.1
Invocations    | 2 3 4 |  4.0
Stealth        | |  1.0

Action                   |  1- 3 |  4- 6 |  7- 9 || total
-------------------------+-------+-------+-------++-------
Melee: Unarmed           |    65 |   102 |   181 ||   348
       Punch             |     1 |     4 |    12 ||    17
Evoke: Wand              |       |       |     1 ||     1
  Use: Potion            |     2 |     1 |     9 ||    12
       Scroll            |       |     1 |    11 ||    12
 Stab: Sleeping          |     3 |     8 |     8 ||    19
       Distracted        |       |     1 |       ||     1
  Eat: Chunk             |    11 |     9 |    17 ||    37
Armor: Robe              |    10 |    34 |    42 ||    86
Dodge: Dodged            |    27 |    52 |   158 ||   237
